 Dungeon Crawl Stone Soup version 0.20-a0-809-gaf7f668 (webtiles) character file.

49 Musica the Gusty (level 3, 0/19 HPs)
             Began as a Tengu Air Elementalist on Mar 3, 2017.
             Slain by an adder (4 damage)
             ... on level 2 of the Dungeon.
             The game lasted 00:05:01 (1745 turns).

Musica the Gusty (Tengu Air Elementalist)           Turns: 1745, Time: 00:05:01

Health: 0/19       AC:  2    Str:  8    XL:     3   Next: 77%
Magic:  0/7        EV: 12    Int: 16    God:
Gold:   43         SH:  0    Dex: 14    Spells: 2/6 levels left

rFire    . . .     SeeInvis .   h - +0 club
rCold    . . .     Gourm    .   a - +0 robe
rNeg     . . .     Faith    .   (no shield)
rPois    .         Spirit   .   (helmet restricted)
rElec    .         Reflect  .   (no cloak)
rCorr    .         Harm     .   (no gloves)
MR       .....                  (boots unavailable)
Stlth    ++........             (no amulet)
Regen    0.1/turn               (no ring)
MPRegen  0.1/turn               (no ring)

@: no status effects
A: beak, talons 3
a: no special abilities


You were on level 2 of the Dungeon.
You were hungry.

You visited 1 branch of the dungeon, and saw 3 of its levels.

You collected 43 gold pieces.

Inventory:

Hand Weapons
 h - a +0 club (weapon)
Missiles
 m - 17 arrows
Armour
 a - a +0 robe (worn)
Scrolls
 d - a scroll of blinking {unknown}
 f - 2 scrolls of remove curse {unknown}
 i - 3 scrolls of recharging {unknown}
Potions
 e - a potion of might {unknown}
 j - a potion of heal wounds {unknown}
 k - a potion of ambrosia {unknown}
 l - 2 potions of curing {unknown}
 n - a potion of mutation {unknown}
Books
 b - a book of Air

   Spells                             Type                      Level
   a - Shock                          Conjuration/Air              1
   b - Swiftness                      Charms/Air                   2
   c - Static Discharge               Conjuration/Air              3
   d - Airstrike                      Air                          4
   e - Lightning Bolt                 Conjuration/Air              5
Comestibles
 c - 2 bread rations
 g - 2 meat rations
 o - 5 chunks of flesh


   Skills:
 - Level 2.1 Dodging
 - Level 2.0 Stealth
 + Level 2.2 Spellcasting
 + Level 2.5 Conjurations
 + Level 5.3 Air Magic


You had 2 spell levels left.
You knew the following spells:

 Your Spells              Type           Power        Failure   Level  Hunger
a - Shock                 Conj/Air       ##..         4%          1    #......
b - Static Discharge      Conj/Air       ##......     12%         3    ###....


Dungeon Overview and Level Annotations

Branches:
Dungeon (3/15)

Altars:
Kikubaaqudgha


Innate Abilities, Weirdness & Mutations

You have a beak for a mouth.
You have claws for feet.


Message History

The adder is moderately wounded.
The adder bites you.
You are feeling hungry.
You hit the adder but do no damage. You claw the adder, but do no damage.
The adder is moderately wounded.
The adder closely misses you. The adder barely misses you.
You closely miss the adder.
The adder is moderately wounded.
The adder bites you.
* * * LOW HITPOINT WARNING * * *
The adder closely misses you.
Casting: Static Discharge
Confirm with . or Enter, or press ? or * to list all spells.
Aiming: Shock
Press: ? - help, Shift-Dir - straight line, f/p - adder
Aim: an adder (moderately wounded)
The zap hits the adder.
The adder is severely wounded.
The adder bites you.
You die...

#.# #.# #.# #.#
#.# ##########
##.## #........#
##...####.######.#
..........# #.#
##...###### #@#
##.## #S# #.# #.#
#.# #.# #+# #..
..# .#. # #


You could see an adder.

Vanquished Creatures
  2 adders
  A leopard gecko (D:1)
  2 ball pythons
  5 bats
  A giant cockroach (D:1)
  3 goblins
  A hobgoblin (D:1)
  5 jackals
  3 frilled lizards
  2 kobolds (D:1)
  6 rats
31 creatures vanquished.

Notes
Turn   | Place    | Note
-------+----------+-------------------------------------------
     0 | D:1      | Musica the Tengu Air Elementalist began the quest for the Orb.
     0 | D:1      | Reached XP level 1. HP: 10/10 MP: 4/4
   520 | D:1      | Reached XP level 2. HP: 8/15 MP: 0/6
  1228 | D:1      | You fall through a shaft!
  1246 | D:2      | Reached skill level 5 in Air Magic
  1253 | D:2      | Reached XP level 3. HP: 12/19 MP: 1/7
  1312 | D:2      | Found an ancient bone altar of Kikubaaqudgha.
  1327 | D:2      | Learned a level 3 spell: Static Discharge
  1745 | D:2      | Slain by an adder

Vault maps used:
D:1:      dpeg_arrival_brainrot, minmay_shallow_snake_nest
D:2:      nicolae_overflow_crystal_walls, grunt_dithmenos_smoke_and_mirrors
D:3:      first_bread, uniq_sigmund

Skill      XL: |  1  2 |
---------------+-------+-----
Conjurations   | 2 |  2.5
Air Magic      | 5 |  5.3
Dodging        | |  2.1
Stealth        | |  2.0
Spellcasting   | |  2.2

Action                   || total
-------------------------++-------
Melee: Unarmed           ||    12
       Kick              ||     8
       Club              ||    11
 Cast: Shock             ||    53
       Static Discharge  ||     1
  Eat: Chunk             ||     3
Armor: Robe              ||     5
Dodge: Dodged            ||    24
